Map: Orbital Shipyard

Players

Grumm - Winner!

  • Race: Terran Terran
  • League: Gold

Xenios

  • Race: Zerg Zerg
  • League: Gold

VOD

Have the link to the VOD?

Description

Time

  • Played on: Jan. 6, 2016, 2:15 a.m.
  • Length: 13:16
Show
View Real Time Build Order
Export as new Build Order

Grumm Terran - Winner!

Build Orders:  

Get SALT Encoding   

  12  0:01  SCV  
  13  0:13  SCV  
  14  0:20  Supply Depot  
  14  0:25  SCV  
  15  0:39  Refinery  
  15  0:42  Refinery  
  15  0:47  Barracks  
  15  0:50  SCV  
  16  1:02  SCV  
  17  1:07  Supply Depot  
  17  1:14  SCV  
  18  1:26  SCV  
  19  1:39  Factory, SCV  
  21  1:47  Reaper  
  21  1:54  Orbital Command  
  21  2:24  Command Center  
  21  2:36  Starport  
  21  2:49  SCV  
  22  2:51  Marine  
  22  2:55  Widow Mine  
  25  3:01  SCV  
  25  3:03  Starport  
  26  3:13  Marine, SCV  
  28  3:25  SCV  
  29  3:37  Refinery, SCV  
  29  3:39  Refinery  
  29  3:40  Fusion Core  
  29  3:41  Starport Tech Lab  
  30  3:42  Starport Tech Lab  
  29  3:55  Factory Tech Lab  
  29  4:08  Bunker  
  30  4:10  SCV  
  30  4:11  Barracks Tech Lab, SCV  
  31  4:22  SCV  
  31  4:23  Orbital Command  
  32  4:31  Armory  
  32  4:34  SCV  
  33  4:46  SCV  
  34  4:58  SCV  
  34  4:59  Banshee x2  
  38  5:02  Cloaking Field  
  41  5:14  Hyperflight Rotors  
  41  5:16  SCV  
  41  5:17  SCV  
  43  5:22  Supply Depot  
  43  5:27  Marauder  
  45  5:34  SCV  
  46  5:38  Supply Depot  
  46  5:44  Terran Ship Weapons Level 1, SCV  
  47  5:53  Reaper  
  48  5:57  Supply Depot  
  48  5:58  SCV x2  
  50  6:10  Supply Depot, SCV x2  
  52  6:14  Supply Depot  
  52  6:22  SCV  
  53  6:57  Battlecruiser x2  
  65  7:01  Starport  
  59  7:10  SCV x2  
  61  7:19  Starport  
  62  7:22  SCV  
  62  7:23  SCV  
  62  7:25  Thor  
  62  7:29  Supply Depot  
  69  7:38  Terran Vehicle And Ship Armor Level 1, Weapon Refit  
  69  7:54  Barracks Tech Lab  
  69  7:57  Engineering Bay  
  69  7:58  SCV x2  
  71  8:05  Battlecruiser x2  
  83  8:10  SCV x2  
  85  8:17  Supply Depot  
  85  8:22  Battlecruiser  
  91  8:46  Banshee  
  86  8:48  Hellbat  
  86  8:50  Marine  
  85  8:59  SCV x2  
  78  9:07  Marine  
  79  9:10  Hellbat  
  79  9:11  SCV x2  
  81  9:23  SCV x2  
  89  9:38  Battlecruiser  
  89  9:39  Battlecruiser  
  89  9:41  Marine  
  89  9:44  Hellbat  
  98  9:54  Banshee  
  98  9:59  Marine, Armory  
  102  10:14  SCV  
  102  10:15  SCV, Hellbat  
  102  10:17  Marine  
  95  10:25  Command Center  
  95  10:37  Hellbat  
  97  10:58  Hellbat  
  97  11:02  Refinery  
  99  11:09  Refinery  
  80  12:08  Battlecruiser x4  
  104  12:12  Marine  
  104  12:14  Hellion  
  107  12:25  Planetary Fortress  
  107  12:30  Marine  
  107  12:36  Hellion  
  102  12:48  Marine  
Show
View Real Time Build Order
Export as new Build Order

Xenios Zerg 

Build Orders: Hatch First 

Get SALT Encoding   

  12  0:01  Drone  
  13  0:12  Overlord  
  13  0:17  Drone  
  14  0:31  Drone  
  15  0:48  Hatchery  
  15  0:49  Drone  
  15  0:55  Drone  
  16  0:58  Extractor  
  15  1:14  Spawning Pool  
  15  1:17  Drone  
  15  1:18  Drone  
  16  1:22  Drone  
  17  1:29  Drone  
  18  1:39  Drone  
  19  1:49  Drone  
  20  2:00  Queen x2  
  24  2:05  Zergling x4  
  26  2:10  Metabolic Boost  
  26  2:14  Drone  
  27  2:17  Drone  
  28  2:24  Overlord  
  28  2:33  Overlord  
  28  2:43  Drone x2  
  30  2:46  Drone x2  
  32  3:05  Drone x2  
  34  3:06  Hatchery  
  33  3:17  Queen  
  33  3:18  Queen  
  37  3:22  Extractor  
  36  3:32  Drone x5  
  41  3:59  Drone x3  
  41  4:01  Overlord x2  
  44  4:03  Extractor  
  44  4:06  Drone  
  44  4:07  Drone, Extractor  
  44  4:14  Evolution Chamber  
  44  4:15  Evolution Chamber  
  42  4:23  Roach Warren  
  41  4:33  Overlord  
  41  4:38  Spore Crawler  
  40  4:40  Spore Crawler  
  39  4:49  Zerg Ground Armor Level 1, Zerg Missile Weapons Level 1  
  39  5:04  Lair  
  39  5:06  Roach x5  
  39  5:07  Roach x3  
  53  5:14  Drone x2  
  56  5:15  Drone  
  58  5:31  Overlord  
  58  5:32  Drone x4  
  58  5:33  Drone  
  64  5:43  Ravager x3  
  64  5:45  Overlord  
  64  5:46  Overlord  
  66  5:56  Drone x2  
  66  5:57  Drone x2  
  70  6:12  Hydralisk Den  
  69  6:23  Roach  
  69  6:24  Roach x5  
  81  6:31  Drone  
  81  6:32  Drone x5  
  86  6:41  Hydralisk, Queen  
  84  6:49  Spore Crawler  
  79  7:16  Queen, Extractor  
  79  7:17  Lurker Den  
  79  7:19  Spore Crawler  
  79  7:20  Roach  
  79  7:21  Roach x4  
  79  7:22  Overlord x2  
  89  7:28  Drone  
  90  7:30  Overlord  
  90  8:04  Drone x5  
  90  8:05  Drone x8  
  101  8:06  Drone x4  
  101  8:12  Zerg Missile Weapons Level 2  
  82  9:02  Hydralisk x5  
  72  9:03  Hydralisk x11  
  72  9:04  Hydralisk x2  
  98  9:21  Extractor  
  97  9:25  Extractor  
  96  9:44  Zerg Ground Armor Level 2, Muscular Augments  
  96  9:48  Infestation Pit  
  96  9:52  Hatchery  
  94  9:59  Hatchery  
  93  10:01  Roach x4  
  93  10:02  Roach x3  
  93  10:03  Roach x3  
  93  10:04  Overlord x2  
  93  10:05  Overlord  
  113  10:09  Drone  
  90  10:27  Hive  
  78  10:31  Pathogen Glands  
  78  10:32  Hydralisk  
  78  10:33  Hydralisk x3  
  86  10:37  Zergling x12  
  86  10:38  Zergling x4  
  94  10:51  Ravager  
  94  10:52  Ravager  
  96  10:57  Queen x2  
  66  11:26  Hydralisk x2  
  66  11:27  Hydralisk x7  
  66  11:29  Hydralisk  
  83  11:33  Queen x2  
  79  11:50  Spore Crawler  
  79  11:51  Spore Crawler  
  79  11:52  Spore Crawler  
  79  11:53  Spore Crawler  
  66  11:55  Spore Crawler  
  55  12:05  Spore Crawler  
  55  12:07  Spore Crawler  
  48  12:27  Spore Crawler  
  46  12:31  Spore Crawler  
  41  12:44  Roach x3  
Tags
 
Add a new tag
Caveats
  • Supply blocks, unpowered buildings, or Contaminate may cause inaccurate times.
  • Supply counts are checked every 10 seconds.